 Dungeon Crawl Stone Soup version 0.23.1 (webtiles) character file.

Game seed: 3630272868589598686

30 Borgoz the Skirmisher (level 3, 0/31 HPs)
             Began as a Ghoul Monk on Mar 17, 2019.
             Slain by Terence
             ... wielding a +5 short sword of venom
              (7 damage)
             ... on level 2 of the Dungeon.
             The game lasted 00:02:21 (903 turns).

Borgoz the Skirmisher (Ghoul Monk)                   Turns: 903, Time: 00:02:21

Health: 0/31       AC:  2    Str: 14    XL:     3   Next: 18%
Magic:  2/2        EV: 13    Int:  6    God:
Gold:   41         SH:  0    Dex: 11    Spells: 2/2 levels left

rFire    . . .     SeeInvis .   a - +0 short sword
rCold    + . .     Gourm    .   (no shield)
rNeg     + + +     Faith    .   b - +0 robe
rPois    ∞         Spirit   .   (no helmet)
rElec    .         Reflect  .   (no cloak)
rCorr    .         Harm     .   (no gloves)
MR       .....                  (no boots)
Stlth    ++........             (no amulet)
HPRegen  0.00/turn              (no ring)
MPRegen  0.08/turn              (no ring)

@: rotting
A: rotting body, claws 1, carnivore, cold resistance 1, negative energy
resistance 3, inhibited regeneration, torment resistance, unbreathing
a: no special abilities


You were on level 2 of the Dungeon.
You were not hungry.

You visited 1 branch of the dungeon, and saw 2 of its levels.

You collected 41 gold pieces.

Inventory:

Hand Weapons
 a - a +0 short sword (weapon)
Armour
 b - a +0 robe (worn)
Jewellery
 h - a +3 ring of evasion {unknown}
Scrolls
 e - 3 scrolls of identify {unknown}
Potions
 g - a potion of lignification {unknown}
 i - a potion of curing {unknown}
Comestibles
 c - 4 rations


   Skills:
 + Level 3.4 Fighting
 * Level 3.0 Short Blades
 * Level 1.1 Armour
 * Level 3.0 Dodging
 + Level 2.3 Stealth


You had 2 spell levels left.
You didn't know any spells.
Your spell library was empty.

Dungeon Overview and Level Annotations

Branches:
Dungeon (2/15)

Altars:

Annotations:
D:2 Terence


Innate Abilities, Weirdness & Mutations

Your body is rotting away.
You thrive on raw meat.
You are immune to poison.
You have sharp fingernails.
You are carnivorous and can eat meat at any time.
Your flesh is cold resistant. (rC+)
You are immune to negative energy. (rN+++)
You do not regenerate when monsters are visible.
You are immune to unholy pain and torment.
You can survive without breathing.


Message History

The bat hits you but does no damage. The bat misses you.
You hit the bat but do no damage. The bat barely misses you.
You hit the bat but do no damage. The bat closely misses you.
Terence the Incautious comes into view.
He is wielding a +5 short sword of venom and carrying a wand of random effects (21).
You closely miss the bat. The bat hits you.
The bat hits you but does no damage.
You hit the bat.
The bat is moderately wounded.
The bat misses you.
You barely miss the bat.
The bat is moderately wounded.
The bat barely misses you. The bat hits you but does no damage.
You hit the bat.
You kill the bat!
You barely miss Terence.
Terence hits you with a +5 short sword of venom!
* * * LOW HITPOINT WARNING * * *
It was a potion of cancellation.
You feel magically purged.
Terence hits you with a +5 short sword of venom!
You die...

##.#.##..######...## #
#..g...?....##.....###
#........##.##........
#........##........###
.........##.##.....# #
#......#.##.##.....###
#....c...(..[..#......
###..####.....##.....###
.......@@gs##.##.....#
.....#####.##.###.##.#
### #.##.# #.##.# ...<.#
#.##.# #.#### #. #.# ...
#.# .# #>#


You could see Terence, a giant cockroach and a goblin.

Vanquished Creatures
  A dart slug (D:1)
  2 leopard geckos (D:1)
  A giant cockroach (D:1)
  5 goblins (D:1)
  A hobgoblin (D:1)
  5 kobolds (D:1)
  5 bats
  2 frilled lizards
  4 rats (D:1)
26 creatures vanquished.

Notes
Turn   | Place    | Note
-------+----------+-------------------------------------------
     0 | D:1      | Borgoz the Ghoul Monk began the quest for the Orb.
     0 | D:1      | Reached XP level 1. HP: 19/19 MP: 0/0
     1 | D:1      | Noticed an electric eel
    65 | D:1      | Reached XP level 2. HP: 8/26 MP: 1/1
   400 | D:1      | Reached skill level 1 in Armour
   568 | D:1      | Reached XP level 3. HP: 29/31 MP: 2/2
   889 | D:2      | Noticed a centaur
   897 | D:2      | Noticed Terence
   903 | D:2      | Slain by Terence

Skill      XL: |  1  2  3 |
---------------+----------+-----
Short Blades   | 3 |  3.0
Armour         | 1 |  1.1
Dodging        | 3 |  3.0
Fighting       | |  3.4
Stealth        | |  2.3

Action                   || total
-------------------------++-------
Melee: Short sword       ||    98
  Use: Potion            ||     1
 Stab: Sleeping          ||     2
  Eat: Chunk             ||     7
Armor: Robe              ||    27
Dodge: Dodged            ||    80
